 Dungeon Crawl Stone Soup version 0.31-a0-986-g5e6e4ef867 (webtiles) character file.

Game seed: 11651495602576320225

403 sammy202020 the Shield-Bearer (level 6, 0/56 HPs)
             Began as a Minotaur Fighter on Nov 22, 2023.
             Succumbed to a killer bee's poison
             ... on level 5 of the Dungeon.
             The game lasted 00:03:13 (2266 turns).

sammy202020 the Shield-Bearer (Minotaur Fighter)    Turns: 2266, Time: 00:03:13

Health: 0/56       AC:  9    Str: 21    XL:     6   Next: 55%
Magic:  5/5        EV:  8    Int:  7    God:
Gold:   169        SH:  5    Dex:  9    Spells: 5/5 levels left

rFire   . . .        a - +0 war axe
rCold   . . .        c - +0 buckler
rNeg    + . .        l - +0 chain mail
rPois   .            (helmet restricted)
rElec   .            (no cloak)
rCorr   .            (no gloves)
SInv    .            (no boots)
Will    .....        i - amulet of the acrobat Stlth
                     f - ring of flight
HPRegen 0.29/turn    e - ring of positive energy
MPRegen 0.09/turn

%: acrobat
@: lethally poisoned (0 -> -27), flying
A: horns 2, retaliatory headbutt
a: no special abilities


You were on level 5 of the Dungeon.
You visited 1 branch of the dungeon, and saw 5 of its levels.

You collected 169 gold pieces.

Inventory:

Hand Weapons
 a - a +0 war axe (weapon)
Armour
 b - a +0 scale mail
 c - a +0 buckler (worn)
 l - a +0 chain mail (worn)
Jewellery
 e - a ring of positive energy (right hand)
 f - a ring of flight (left hand)
 i - an amulet of the acrobat (around neck)
 j - a ring of resist corrosion
 r - a ring of willpower
Wands
 m - a wand of iceblast (9)
 t - a wand of paralysis (8)
Scrolls
 n - a scroll of enchant armour {unknown}
 p - 2 scrolls of noise
 u - a scroll of identify
Potions
 d - a potion of might
 g - 2 potions of heal wounds
 h - 2 potions of lignification
 o - a potion of resistance {unknown}
 q - a potion of curing {unknown}
 s - 2 potions of haste


   Skills:
 * Level 5.2 Fighting
 * Level 4.5 Axes
 * Level 5.2 Armour
 + Level 2.1 Dodging
 * Level 5.4 Shields


You had 5 spell levels left.
You didn't know any spells.
Your spell library contained the following spells:

 Spells                   Type           Power      Damage    Failure   Level
 Dazzling Flash           Conj/Hex       0%         N/A       100%        3
 Agony                    Necr           0%         N/A       100%        5
 Silence                  Hex/Air        0%         N/A       100%        5


Dungeon Overview and Level Annotations

Branches:
Dungeon (5/15)
 Temple: D:4-7

Altars:
Kikubaaqudgha
Qazlal
Xom


Innate Abilities, Weirdness & Mutations

You have a pair of horns on your head.
You reflexively headbutt those who attack you in melee.


Message History

The killer bee poisons you!
The killer bee stings you but does no damage.
The killer bee stings you. x2
You are more poisoned.
The killer bee poisons you! The killer bee barely misses you.
The killer bee closely misses you. The killer bee barely misses you.
You block the ice beast's attack.
You slash the ice beast!
You kill the ice beast!
You slash the killer bee! You hit the killer bee.
You barely miss the killer bee. You closely miss the killer bee.
You feel very sick. The killer bee stings you.
The killer bee barely misses you. The killer bee completely misses you.
The killer bee closely misses you.
The killer bee stings you but does no damage.
The killer bee stings you. x2; You block the killer bee's attack.
The killer bee stings you. x2; The killer bee barely misses you.
The killer bee stings you but does no damage.
Your Dodging skill increases to level 2!
You barely miss the killer bee.
The killer bee is severely wounded.
You miss the killer bee. x2; You hit the killer bee.
You feel very sick. You block the killer bee's attack.
The killer bee barely misses you. You furiously retaliate!
You headbutt the killer bee.
The killer bee stings you but does no damage.
You block the killer bee's attack. The killer bee barely misses you.
The killer bee stings you.
* * * LOW HITPOINT WARNING * * *
You are lethally poisoned!
The killer bee poisons you! The killer bee stings you.
* * * LOW HITPOINT WARNING * * *
The killer bee stings you.
* * * LOW HITPOINT WARNING * * *
You are more poisoned.
The killer bee poisons you!
As you read the scroll labelled QAORI ESAPU, it crumbles to dust.
You hear a loud clanging noise!
It was a scroll of noise.
You die...

#......#......
+.............
##.............
.....<...#####.
.........#:(?#.
.........#:$$#.
.........#/?(#.
......y@y#####.
#######yy......
#.<....yy......
#.......#.....#
#.......#.....#
#.......#.....#
##..##..# #...#
#..##### ...#
..... ...


You could see 6 killer bees.

Vanquished Creatures
  An ice beast (D:5)
  A phantom (D:4)
  A scorpion (D:5)
  Jessica (D:3)
  2 iguanas (D:4)
  3 adders (D:3)
  5 dart slugs
  5 orcs (D:4)
  4 ball pythons
  5 endoplasms
  3 giant cockroaches
  6 goblins
  5 hobgoblins
  6 jackals
  7 quokkas
  3 bats (D:1)
  2 frilled lizards
  9 kobolds
  A rat (D:2)
70 creatures vanquished.

Notes
Turn   | Place    | Note
-------+----------+-------------------------------------------
     0 | D:1      | sammy202020 the Minotaur Fighter began the quest for the
                  | Orb.
     0 | D:1      | Reached XP level 1. HP: 19/19 MP: 0/0
    52 | D:1      | You fall into a shaft and drop 1 floor!
   236 | D:1      | Reached XP level 2. HP: 21/27 MP: 1/1
   582 | D:2      | Identified the +2 leather armour "Vykebes" {Slay+2 Stlth+}
   626 | D:2      | Found a shimmering altar of Xom.
   751 | D:3      | Reached XP level 3. HP: 33/33 MP: 2/2
   866 | D:3      | Reached skill level 1 in Dodging
   920 | D:3      | Noticed Jessica
   932 | D:3      | Killed Jessica
   933 | D:3      | Reached XP level 4. HP: 40/40 MP: 3/3
  1121 | D:3      | Found a stormy altar of Qazlal.
  1123 | D:3      | Found an ancient bone altar of Kikubaaqudgha.
  1447 | D:4      | Noticed a phantom
  1462 | D:4      | Killed a phantom
  1463 | D:4      | Reached XP level 5. HP: 42/47 MP: 4/4
  1718 | D:4      | Identified the +2 leather armour of the Game of Life
                  | {Str+4}
  1784 | D:4      | Reached skill level 5 in Shields
  2195 | D:5      | Entered Level 5 of the Dungeon
  2201 | D:5      | Reached skill level 5 in Fighting
  2201 | D:5      | Reached skill level 5 in Armour
  2201 | D:5      | Reached XP level 6. HP: 47/56 MP: 5/5
  2257 | D:5      | Noticed an ice beast
  2264 | D:5      | Killed an ice beast
  2266 | D:5      | Succumbed to a killer bee's poison

Illustrated notes

Levels and vault maps discovered:
D:1:      onia_arrival_mini_spirals, layout_rooms
D:2:      layout_rooms, basic_altar
D:3:      layout_basic, minitemple, kennysheep_generic_room_12, uniq_jessica
D:4:      layout_basic
D:5:      gammafunk_wand_slinger, layout_gridville, serial_shops,
          nicolae_shop_pleasant_corner_grove, chequers_serial_rivers_large_b,
          due_unseen_surprise

Skill      XL: |  1  2  3  4  5  6 |
---------------+-------------------+-----
Shields        | 4 5 |  5.4
Fighting       | 4 5 |  5.2
Armour         | 4 5 |  5.2
Axes           | 3 4 |  4.5
Dodging        | 1 2 |  2.1

Action                     |  1- 3 |  4- 6 || total
---------------------------+-------+-------++-------
  Melee: War axe           |    69 |    98 ||   167
         Headbutt          |     9 |    12 ||    21
    Use: Scroll            |     3 |     3 ||     6
         Potion            |     1 |     1 ||     2
 Armour: Scale mail        |    27 |       ||    27
         Chain mail        |    25 |    71 ||    96
  Dodge: Dodged            |    31 |    46 ||    77
  Block: Buckler           |    19 |    31 ||    50

Table legend: (Time is in decaauts)
 A = Elapsed time spent in this place.
 B = Non-inter-level travel time spent in this place.
 C = Inter-level travel time spent in this place.
 D = Time resting spent in this place.
 E = Time spent auto-exploring this place.
 F = Levels seen in this place.
 G = Mean time per level.
                   A        B        C        D        E       F      G
               +--------+--------+--------+--------+--------+-----+--------+
         Total |   2325 |   2241 |     84 |      0 |   1668 |   5 |  465.0 |
       Dungeon |   2325 |   2241 |     84 |      0 |   1668 |   5 |  465.0 |
               +--------+--------+--------+--------+--------+-----+--------+

Top non-repeatable levels by time:
     D:4: 753 daAuts
     D:3: 730 daAuts
     D:2: 406 daAuts
     D:1: 361 daAuts
     D:5: 73 daAuts
